[ AOE2 MATCH · #504975242 ]
UnrankedDravidians vs Tatars
Player's team · WIN
Rival team · LOSS
[ REPLAY ANALYSIS · EXTRACTED FROM THE RECORDED GAME ]
Feudal
11:43
Castle
25:30
Imperial
—
| APM avg | 81.3 |
| APM peak | 132 |
| eAPM avg | 34.3 |
| Villagers / military | 86 / 95 |
Focus
⚔️ 28.8% · 🌾 71.2%
Archer ×48 · Skirmisher ×15 · Battle Elephant ×12 · Mangonel ×6 · Spearman ×5 · Monk ×3
Feudal
11:22
Castle
28:05
Imperial
—
| APM avg | 53.4 |
| APM peak | 78 |
| eAPM avg | 23.4 |
| Villagers / military | 116 / 83 |
Focus
⚔️ 37.2% · 🌾 62.8%
Skirmisher ×41 · Scout Cavalry ×13 · Knight ×9 · Mangonel ×7 · Camel Scout ×7 · Monk ×6
Match map
Initial resources + every placement click. Lines = walls · curves = elevation contours. ◆ gold · ⬟ stone · ● berries · ✦ relic · ◌ wall gap
Your base· ✓ Closed at 25:30 · 9t walls · 1 gate(s)
Twitch_Andy's base· Open — 5t gap
Smoothed initial terrain · ◌ = detected wall gap · hover for details
Inputs per minute
— TUAN - - Twitch_Andy
Build order — TUAN
First 150 of 310 actions detected
| 0:30 | Build | Town Center |
| 1:02 | Build | House |
| 2:20 | Queue | Villager (Male) |
| 2:20 | Queue | Villager (Male) |
| 2:20 | Queue | Villager (Male) |
| 2:20 | Queue | Villager (Male) |
| 2:21 | Queue | Villager (Male) |
| 3:29 | Build | Mill |
| 3:40 | Queue | Villager (Male) |
| 3:40 | Queue | Villager (Male) |
| 4:04 | Queue | Villager (Male) |
| 4:04 | Queue | Villager (Male) |
| 4:24 | Queue | Villager (Male) |
| 4:24 | Queue | Villager (Male) |
| 4:56 | Build | House |
| 5:00 | Queue | Villager (Male) |
| 5:00 | Queue | Villager (Male) |
| 5:32 | Queue | Villager (Male) |
| 5:32 | Queue | Villager (Male) |
| 5:57 | Queue | Villager (Male) |
| 5:57 | Queue | Villager (Male) |
| 6:15 | Build | House |
| 6:26 | Build | House |
| 6:34 | Build | House |
| 6:55 | Queue | Villager (Male) |
| 7:06 | Queue | Villager (Male) |
| 7:12 | Build | House |
| 7:19 | Build | House |
| 7:43 | Queue | Villager (Male) |
| 7:47 | Build | Barracks |
| 7:58 | Queue | Villager (Male) |
| 7:58 | Queue | Villager (Male) |
| 8:16 | Research | Loom |
| 8:44 | Build | House |
| 9:21 | Research | Feudal Age |
| 9:30 | Build | Lumber Camp |
| 9:58 | Queue | Militia |
| 9:58 | Queue | Militia |
| 10:25 | Queue | Militia |
| 10:44 | Build | House |
| 10:56 | Queue | Villager (Male) |
| 11:23 | Build | Palisade Wall |
| 11:43 | Age | Feudal Age |
| 11:44 | Build | Archery Range |
| 11:47 | Queue | Spearman |
| 11:56 | Queue | Villager (Male) |
| 12:00 | Build | Farm |
| 12:01 | Build | Farm |
| 12:02 | Build | Farm |
| 12:16 | Build | Blacksmith |
| 12:27 | Queue | Villager (Male) |
| 12:27 | Queue | Skirmisher |
| 12:40 | Build | Farm |
| 12:47 | Build | House |
| 12:49 | Build | Palisade Wall |
| 12:59 | Queue | Villager (Male) |
| 13:00 | Queue | Archer |
| 13:01 | Queue | Archer |
| 13:15 | Build | Palisade Gate |
| 13:25 | Queue | Villager (Male) |
| 13:37 | Queue | Villager (Male) |
| 13:40 | Build | Farm |
| 13:44 | Build | Farm |
| 13:52 | Queue | Skirmisher |
| 14:11 | Queue | Spearman |
| 14:13 | Queue | Villager (Male) |
| 14:23 | Build | Farm |
| 14:36 | Queue | Spearman |
| 14:39 | Queue | Villager (Male) |
| 14:44 | Build | House |
| 14:50 | Queue | Spearman |
| 14:56 | Build | House |
| 15:13 | Queue | Archer |
| 15:19 | Research | Fletching |
| 15:21 | Queue | Skirmisher |
| 15:34 | Queue | Villager (Male) |
| 15:39 | Build | House |
| 15:50 | Queue | Skirmisher |
| 15:52 | Queue | Villager (Male) |
| 16:02 | Queue | Villager (Male) |
| 16:10 | Build | Farm |
| 16:33 | Queue | Villager (Male) |
| 16:35 | Queue | Skirmisher |
| 16:35 | Queue | Skirmisher |
| 16:35 | Queue | Archer |
| 16:36 | Queue | Villager (Male) |
| 16:46 | Queue | Spearman |
| 16:55 | Build | Archery Range |
| 16:56 | Queue | Villager (Male) |
| 17:00 | Queue | Archer |
| 17:13 | Queue | Skirmisher |
| 17:13 | Queue | Archer |
| 17:18 | Queue | Villager (Male) |
| 17:30 | Build | Farm |
| 17:48 | Queue | Archer |
| 17:51 | Queue | Skirmisher |
| 17:53 | Research | Padded Archer Armor |
| 18:28 | Queue | Villager (Male) |
| 18:30 | Build | Farm |
| 18:32 | Queue | Villager (Male) |
| 18:34 | Build | House |
| 18:35 | Build | House |
| 18:43 | Build | Farm |
| 18:50 | Queue | Villager (Male) |
| 18:53 | Queue | Archer |
| 18:53 | Queue | Archer |
| 18:54 | Queue | Archer |
| 18:59 | Build | Farm |
| 19:12 | Queue | Archer |
| 19:21 | Queue | Villager (Male) |
| 19:25 | Build | House |
| 19:29 | Build | House |
| 19:39 | Queue | Archer |
| 19:39 | Queue | Archer |
| 19:45 | Queue | Villager (Male) |
| 20:07 | Queue | Archer |
| 20:38 | Queue | Skirmisher |
| 20:43 | Research | Horse Collar |
| 20:43 | Queue | Villager (Male) |
| 20:45 | Build | Farm |
| 20:49 | Queue | Villager (Male) |
| 20:49 | Research | Town Watch |
| 20:50 | Queue | Villager (Male) |
| 20:54 | Build | Market |
| 21:00 | Queue | Archer |
| 21:00 | Queue | Archer |
| 21:04 | Queue | Villager (Male) |
| 21:06 | Build | House |
| 21:17 | Queue | Skirmisher |
| 21:18 | Queue | Archer |
| 21:41 | Queue | Archer |
| 21:41 | Queue | Skirmisher |
| 21:43 | Build | Farm |
| 22:14 | Queue | Archer |
| 22:17 | Queue | Villager (Male) |
| 22:20 | Build | Mining Camp |
| 22:32 | Build | Farm |
| 22:39 | Build | House |
| 22:50 | Research | Castle Age |
| 22:50 | Research | Castle Age |
| 22:51 | Research | Castle Age |
| 23:05 | Build | Lumber Camp |
| 23:09 | Queue | Skirmisher |
| 23:20 | Build | Mill |
| 23:32 | Queue | Archer |
| 23:32 | Queue | Archer |
| 23:41 | Queue | Villager (Male) |
| 23:41 | Queue | Villager (Male) |
| 23:45 | Build | Farm |
| 23:46 | Build | Farm |
Build order — Twitch_Andy
First 150 of 266 actions detected
| 0:35 | Build | Town Center |
| 2:32 | Queue | Villager (Male) ×4 |
| 2:32 | Queue | Villager (Male) ×4 |
| 2:33 | Build | House |
| 2:49 | Build | House |
| 2:58 | Build | House |
| 3:47 | Queue | Villager (Male) |
| 3:48 | Queue | Villager (Male) |
| 4:31 | Queue | Villager (Male) |
| 4:32 | Queue | Villager (Male) |
| 5:06 | Build | House |
| 5:19 | Queue | Villager (Male) |
| 5:20 | Queue | Villager (Male) |
| 5:20 | Queue | Villager (Male) |
| 5:45 | Queue | Villager (Male) |
| 5:45 | Queue | Villager (Male) |
| 6:14 | Queue | Villager (Male) |
| 6:15 | Queue | Villager (Male) |
| 6:35 | Queue | Villager (Male) |
| 6:35 | Queue | Villager (Male) |
| 6:53 | Queue | Villager (Male) |
| 6:53 | Queue | Villager (Male) |
| 6:53 | Queue | Villager (Male) |
| 7:00 | Build | House |
| 7:07 | Build | Mill |
| 7:24 | Queue | Villager (Male) |
| 7:24 | Queue | Villager (Male) |
| 7:24 | Queue | Villager (Male) |
| 7:53 | Build | Barracks |
| 8:03 | Queue | Villager (Male) |
| 8:59 | Build | House |
| 9:08 | Research | Feudal Age |
| 9:26 | Build | House |
| 10:00 | Queue | Villager (Male) |
| 10:00 | Research | Loom |
| 10:04 | Queue | Villager (Male) |
| 11:22 | Age | Feudal Age |
| 11:25 | Build | Stable |
| 11:38 | Build | Archery Range |
| 11:56 | Queue | Scout Cavalry |
| 11:56 | Queue | Scout Cavalry |
| 11:56 | Queue | Scout Cavalry |
| 11:56 | Queue | Scout Cavalry |
| 12:01 | Build | House |
| 12:04 | Build | House |
| 12:09 | Build | Palisade Wall |
| 12:27 | Queue | Villager (Male) |
| 12:28 | Queue | Villager (Male) |
| 12:28 | Queue | Villager (Male) |
| 12:37 | Queue | Skirmisher |
| 12:37 | Queue | Skirmisher |
| 12:57 | Queue | Skirmisher |
| 12:57 | Queue | Skirmisher |
| 13:08 | Queue | Skirmisher |
| 13:14 | Queue | Villager (Male) |
| 13:27 | Queue | Villager (Male) |
| 13:43 | Queue | Villager (Male) |
| 14:05 | Queue | Villager (Male) |
| 14:07 | Queue | Villager (Male) |
| 14:10 | Build | Lumber Camp |
| 14:37 | Queue | Villager (Male) |
| 14:42 | Build | Blacksmith |
| 15:09 | Queue | Skirmisher |
| 15:09 | Queue | Skirmisher |
| 15:13 | Research | Fletching |
| 15:14 | Research | Fletching |
| 15:20 | Queue | Villager (Male) |
| 15:34 | Queue | Skirmisher |
| 15:35 | Queue | Skirmisher |
| 15:45 | Queue | Villager (Male) |
| 15:45 | Queue | Villager (Male) |
| 16:17 | Queue | Villager (Male) |
| 16:24 | Queue | Scout Cavalry |
| 16:24 | Queue | Scout Cavalry |
| 16:24 | Queue | Scout Cavalry |
| 16:24 | Queue | Villager (Male) |
| 16:25 | Queue | Villager (Male) |
| 16:26 | Build | Farm |
| 16:27 | Build | Farm |
| 16:27 | Build | Farm |
| 16:27 | Build | Farm |
| 17:07 | Build | Farm |
| 17:16 | Queue | Skirmisher |
| 17:16 | Queue | Skirmisher |
| 17:23 | Research | Loom |
| 17:35 | Build | House |
| 17:36 | Build | House |
| 17:39 | Build | Farm |
| 17:40 | Build | Farm |
| 17:42 | Build | Farm |
| 17:44 | Build | Farm |
| 17:45 | Build | Farm |
| 17:54 | Queue | Skirmisher |
| 17:55 | Queue | Skirmisher |
| 17:59 | Build | House |
| 18:36 | Queue | Skirmisher |
| 18:36 | Queue | Skirmisher |
| 18:38 | Queue | Villager (Male) |
| 18:38 | Queue | Villager (Male) |
| 18:40 | Build | Farm |
| 18:41 | Build | Farm |
| 18:44 | Build | Mill |
| 18:55 | Queue | Skirmisher |
| 18:55 | Queue | Skirmisher |
| 19:02 | Build | Farm |
| 19:05 | Build | Farm |
| 19:17 | Queue | Skirmisher |
| 19:17 | Queue | Skirmisher |
| 19:17 | Queue | Skirmisher |
| 19:40 | Queue | Skirmisher |
| 19:41 | Queue | Skirmisher |
| 19:41 | Queue | Skirmisher |
| 20:30 | Queue | Villager (Male) |
| 20:32 | Queue | Villager (Male) |
| 20:33 | Queue | Villager (Male) |
| 20:34 | Queue | Scout Cavalry |
| 20:34 | Queue | Scout Cavalry |
| 20:35 | Queue | Skirmisher |
| 20:35 | Queue | Skirmisher |
| 20:53 | Queue | Skirmisher |
| 21:01 | Queue | Skirmisher |
| 21:02 | Queue | Villager (Male) |
| 21:02 | Queue | Villager (Male) |
| 21:04 | Build | Archery Range |
| 21:20 | Queue | Scout Cavalry |
| 21:20 | Queue | Scout Cavalry |
| 21:21 | Queue | Scout Cavalry |
| 21:23 | Queue | Skirmisher |
| 21:23 | Queue | Skirmisher |
| 21:23 | Queue | Skirmisher |
| 21:29 | Queue | Villager (Male) |
| 21:30 | Queue | Villager (Male) |
| 22:18 | Queue | Villager (Male) |
| 22:33 | Queue | Skirmisher |
| 22:33 | Queue | Skirmisher |
| 22:33 | Queue | Skirmisher |
| 22:36 | Queue | Villager (Male) |
| 22:36 | Queue | Villager (Male) |
| 22:40 | Build | House |
| 22:41 | Build | Market |
| 22:43 | Queue | Skirmisher |
| 22:44 | Queue | Skirmisher |
| 22:53 | Build | House |
| 22:54 | Build | House |
| 23:03 | Queue | Villager (Male) |
| 23:09 | Build | Farm |
| 23:21 | Queue | Scout Cavalry |
| 23:28 | Queue | Skirmisher |
| 23:34 | Build | Farm |
| 23:35 | Build | Farm |
Match timeline
| 7:47 | TUAN · first_building Barracks |
| 7:53 | Twitch_Andy · first_building Barracks |
| 11:22 | Twitch_Andy · age_up feudal |
| 11:23 | TUAN · wall_segment Palisade Wall x4 |
| 11:25 | Twitch_Andy · first_building Stable |
| 11:38 | Twitch_Andy · first_building Archery Range |
| 11:43 | TUAN · age_up feudal |
| 11:44 | TUAN · first_building Archery Range |
| 12:09 | Twitch_Andy · wall_segment Palisade Wall x8 |
| 12:49 | TUAN · wall_segment Palisade Wall x5 |
| 22:36 | TUAN · first_market_sell 100 food |
| 24:39 | TUAN · first_building Stable |
| 24:48 | Twitch_Andy · first_market_buy 100 food |
| 25:08 | Twitch_Andy · first_market_sell 100 stone |
| 25:30 | TUAN · age_up castle |
| 25:41 | TUAN · first_market_buy 100 food |
| 27:30 | TUAN · first_building Siege Workshop |
| 28:05 | Twitch_Andy · age_up castle |
| 28:13 | Twitch_Andy · first_building Monastery |
| 28:44 | Twitch_Andy · first_building Siege Workshop |
| 32:04 | TUAN · first_building Monastery |
| 34:06 | Twitch_Andy · wall_segment Palisade Wall x1 |
| 34:50 | Twitch_Andy · wall_segment Palisade Wall x1 |
| 36:24 | Twitch_Andy · resign |
[ AI ANALYSIS · 1 CREDIT ]
What really happened in this match?
Wolo.gg analyzes every decision: build order, eco, micro, common mistakes by bracket. Personalized analysis on WhatsApp or Discord in 30 seconds.
Civ guide
Dravidians
Perfil
Jugador #10496191